Cogmind - Beta 9 @@@ ROGUE MODE // 2019.10.29 @ 12:54:32 Player: Solar Sloth Result: Destroyed by as-75108 with Assembled Rifle Performance ------------- Evolutions (0) 0 Regions Visited (4) 800 Robots Destroyed (31) 155 Value Destroyed (535) 535 Prototype IDs (22) 440 Alien Tech Used (0) 0 Bonus (321) 321 TOTAL SCORE: 2251 Bonus ------- Follower Combat Kills 21 Aligned with FarCom 300 Cogmind --------- Core Integrity 0/250 Matter 210/300 Energy 121/125 System Corruption 0% Temperature Cool (2) Location -9/Mines Parts ------- Power (1) Light Ion Engine Propulsion (2) Aluminum Leg Aluminum Leg Utility (2) Large Storage Unit Large Storage Unit Weapon (2) Inventory (16) Light Ion Engine Aluminum Leg Aluminum Leg Large Storage Unit Improved Terrain Scanner Seismic Analyzer Modified TNC Hardened Light Armor Plating EM Pulse Gun Light Assault Rifle Light Assault Rifle Datajack Peak State ------------ Power Light Nuclear Core Propulsion Aluminum Leg Aluminum Leg Utility Small Storage Unit Large Storage Unit Weapon Light Assault Rifle Light Assault Rifle Inventory Ion Engine Light Ion Engine Light Ion Engine Aluminum Leg Aluminum Leg Improved Terrain Scanner Seismic Analyzer Hardened Light Armor Plating Hardened Light Armor Plating EM Pulse Gun Light Assault Rifle [Rating: 10] Favorites ----------- Power Light Ion Engine Engine Light Ion Engine Power Core Light Nuclear Core Propulsion Aluminum Leg Leg Aluminum Leg Utility Small Storage Unit Storage Small Storage Unit Weapon Light Assault Rifle Energy Gun Medium Laser Ballistic Gun Light Assault Rifle Launcher Rocket Launcher Build | -11 -10 -10 -10 -9 ------- Run | Scr Mat Min Exi Min Slots Evolved . | . . . . . Power . | . . . . . Propulsion . | . . . . . Utility . | . . . . . Weapon . | . . . . . Parts Attached 33 | 8 5 16 2 2 Power 4 | 1 . 2 . 1 Engine 3 | 1 . 1 . 1 Core 1 | . . 1 . . Reactor . | . . . . . Propulsion 12 | 2 2 8 . . Treads . | . . . . . Leg 12 | 2 2 8 . . Wheel . | . . . . . Hover . | . . . . . Flight . | . . . . . Utility 5 | 2 1 . 2 . Device . | . . . . . Storage 5 | 2 1 . 2 . Processor . | . . . . . Hackware . | . . . . . Protection . | . . . . . Artifact . | . . . . . Weapon 12 | 3 2 6 . 1 Energy Gun 2 | 2 . . . . Energy Cannon . | . . . . . Ballistic Gun 8 | 1 2 5 . . Ballistic Cannon . | . . . . . Launcher 2 | . . 1 . 1 Special Weapon . | . . . . . Impact Weapon . | . . . . . Slashing Weapon . | . . . . . Piercing Weapon . | . . . . . Special Melee Weapon . | . . . . . Unidentified Prototypes . | . . . . . Parts Lost 8 | . . 5 . 3 Power 1 | . . . . 1 Propulsion 2 | . . 2 . . Utility . | . . . . . Weapon 5 | . . 3 . 2 Highest Loss Streak 2 | . . 2 . 2 Average Slot Usage (%) 98 | . 98 98 100 96 Engine 13 | . 14 11 14 14 Leg 27 | . 26 27 28 28 Storage 28 | . 28 28 28 28 Energy Gun 1 | . 3 . . . Ballistic Gun 24 | . 24 23 28 23 Launcher 1 | . . 3 . 2 Naked Turns . | . . . . . Heaviest Build 40 | 16 27 28 37 40 Greatest Support 20 | 20 20 20 20 20 Greatest Overweight (x) 2 | . 2 2 1 1 Average Overweight (x) . | . . 1 1 1 Largest Inventory Capacity 16 | 8 12 12 16 16 Average Capacity 11 | 6 10 12 12 16 Most Carried 13 | 6 8 12 13 13 Average Carried 9 | 2 7 11 12 12 Final Capacity 16 | . . . . 16 Final Carried 12 | . . . . 12 Class Distribution -------------------- 52% | Scavenger-Mutant 47% | Mutant Dominant Class ---------------- Mutant | -10/Materials Scavenger-Mutant | -10/Mines Scavenger-Mutant | -10/Exiles Scavenger-Mutant | -9/Mines Resources | -11 -10 -10 -10 -9 ----------- Run | Scr Mat Min Exi Min Matter Collected 600 | 283 97 220 . . Remotely . | . . . . . Salvage Created 779 | 184 227 359 . 9 Parts 54 | 17 15 22 . . Haulers Intercepted . | . . . . . Recyclers Shooed 1 | . 1 . . . Parts Field Recycled . | . . . . . Retrieved Matter . | . . . . . Parts Self-Destructed . | . . . . . Prevented . | . . . . . Kills | -11 -10 -10 -10 -9 ------- Run | Scr Mat Min Exi Min Combat Hostiles Destroyed 25 | . 9 10 . 6 Guns 18 | . 9 9 . . AOE 7 | . . 1 . 6 Classes Destroyed 6 | 3 2 . . 1 Worker 2 | 2 . . . . Tunneler 3 | 3 . . . . Recycler 1 | 1 . . . . Swarmer 8 | . 5 3 . . Grunt 11 | . 4 7 . . Assembled 6 | . . . . 6 Best Kill Streak 6 | 4 3 4 . 6 Combat Bots Only 6 | . 3 4 . 6 Max Kills in Single Turn 2 | 1 1 1 . 2 Gunslinging . | . . . . . Exploded 2 | . . 1 . 2 Melee . | . . . . . Uniques/NPCs Destroyed . | . . . . . Combat | -11 -10 -10 -10 -9 -------- Run | Scr Mat Min Exi Min Damage Taken 1685 | . 370 960 . 355 Core 257 | . 40 150 . 67 Absorbed by Shields . | . . . . . Core Remaining (%) 100 | 100 . . . . Volleys Fired 105 | 18 31 51 . 5 Largest 2 | 2 2 2 . 1 Hottest 70 | 70 70 40 . 33 Shots Fired 168 | 21 62 80 . 5 Gun 162 | 21 62 79 . . Cannon . | . . . . . Launcher 6 | . . 1 . 5 Special . | . . . . . Kinetic 129 | 3 47 79 . . Thermal 33 | 18 15 . . . Explosive 6 | . . 1 . 5 Electromagnetic . | . . . . . Robot Hit Streak 11 | 6 11 11 . 1 Robot Miss Streak 3 | 2 3 3 . . Penetration Max . | . . . . . Secondary Targets 3 | . . 3 . . Max Gunslinging Chain 1 | . . 1 . . Shots Hit Robots 111 | 15 37 58 . 1 Core Hits 63 | 7 15 26 . 15 Critical Hits 1 | . 1 . . . Critical Kills . | . . . . . Critical Parts Destroyed 1 | . 1 . . . Melee Attacks . | . . . . . Impact . | . . . . . Slashing . | . . . . . Piercing . | . . . . . Sneak Attacks . | . . . . . Combat Hostiles . | . . . . . Follow-up Attacks . | . . . . . Damage Inflicted 1674 | 180 321 606 . 567 Guns 994 | 180 321 493 . . Cannons . | . . . . . Explosions 680 | . . 113 . 567 Melee . | . . . . . Ramming . | . . . . . Kinetic 659 | 7 159 493 . . Thermal 335 | 173 162 . . . Explosive 680 | . . 113 . 567 Electromagnetic . | . . . . . Impact . | . . . . . Slashing . | . . . . . Piercing . | . . . . . Highest Corruption . | . . . . . Average Corruption . | . . . . . Corruption Purged . | . . . . . Overload Shots . | . . . . . Overflow Damage 45 | . . 7 . 38 Projectiles . | . . . . . Explosions 45 | . . 7 . 38 Melee . | . . . . . Knockbacks . | . . . . . Impact . | . . . . . Kinetic . | . . . . . Secondary . | . . . . . Self-Inflicted Damage 24 | . . 24 . . Shots 1 | . . 1 . . Rammed . | . . . . . Targets Rammed . | . . . . . Kicked . | . . . . . Crushed . | . . . . . Highest Temperature 158 | 110 158 98 . 5 Average Temperature 34 | 38 49 20 . 3 Received Heat Transfer 579 | . 99 471 . 9 Siege Activations . | . . . . . Robots Corrupted . | . . . . . Combat Hostiles . | . . . . . Parts Fried . | . . . . . Impact Corruptions . | . . . . . Robots Melted . | . . . . . Combat Hostiles . | . . . . . Parts Melted 2 | . 2 . . . Heat Transferred 999 | 518 481 . . . Parts Sabotaged . | . . . . . Parts Stolen . | . . . . . Parts Stripped . | . . . . . Power Chain Reactions . | . . . . . Missiles Intercepted . | . . . . . Alert | -11 -10 -10 -10 -9 ------- Run | Scr Mat Min Exi Min Peak Influence 263 | 30 263 190 . . Average Influence 67 | 7 111 52 . . Maximum Alert Level 1 | . 1 . . . Low Security (%) 93 | . . . . . Level 1 6 | . . . . . Level 2 . | . . . . . Level 3 . | . . . . . Level 4 . | . . . . . Level 5 . | . . . . . High Security . | . . . . . Max Security . | . . . . . Squads Dispatched 2 | . 2 . . . Investigation 1 | . 1 . . . Extermination . | . . . . . Reinforcement 1 | . 1 . . . Assault . | . . . . . Garrison . | . . . . . Intercept . | . . . . . Construction Impeded . | . . . . . Haulers Reinforced . | . . . . . Stealth | -11 -10 -10 -10 -9 --------- Run | Scr Mat Min Exi Min Distress Signals . | . . . . . Communications Jammed . | . . . . . Distress Signals . | . . . . . Times Spotted 55 | . 20 18 . 17 Peak Tracking Total 17 | . 4 4 . 17 Tactical Retreats 8 | . 1 5 . 2 Traps | -11 -10 -10 -10 -9 ------- Run | Scr Mat Min Exi Min Traps Triggered . | . . . . . Indirectly . | . . . . . Trap Hack Attempts . | . . . . . Triggered . | . . . . . Disarmed . | . . . . . Reprogrammed . | . . . . . Reused . | . . . . . Traps Extracted . | . . . . . Installed . | . . . . . Triggered . | . . . . . Machines | -11 -10 -10 -10 -9 ---------- Run | Scr Mat Min Exi Min Machines Disabled . | . . . . . Max in Single Turn . | . . . . . Machines Sabotaged . | . . . . . Garrisons Compromised . | . . . . . Overloaded Fab Kills . | . . . . . Fab Network Shutdowns . | . . . . . Hacking | -11 -10 -10 -10 -9 --------- Run | Scr Mat Min Exi Min Machines Accessed 11 | . 9 . 2 . Terminals 7 | . 7 . . . Fabricators . | . . . . . Repair Stations 1 | . 1 . . . Recycling Units 1 | . 1 . . . Scanalyzers . | . . . . . Garrison Access . | . . . . . Total Hacks 35 | . 30 . 5 . Successful 23 | . 18 . 5 . Failed 12 | . 12 . . . Catastrophic 2 | . 2 . . . Database Lockouts . | . . . . . Manual 22 | . 21 . 1 . Terminals 25 | . 25 . . . Fabricators . | . . . . . Repair Stations 3 | . 3 . . . Recycling Units 2 | . 2 . . . Scanalyzers . | . . . . . Garrison Access . | . . . . . Terminal Hacks 10 | . 5 . 5 . Record 4 | . . . 4 . Branch Access Points 1 | . 1 . . . Terminal Index 1 | . 1 . . . Locate Traps 1 | . 1 . . . Recall Reinforcements 1 | . 1 . . . Hauler Manifests 1 | . 1 . . . EX-Prototype ID Bank 1 | . . . 1 . Fabricator Hacks . | . . . . . Repair Station Hacks 3 | . 3 . . . Scan Component 2 | . 2 . . . Repair 1 | . 1 . . . Recycling Unit Hacks 1 | . 1 . . . Retrieve Components 1 | . 1 . . . Scanalyzer . | . . . . . Garrison Access Hacks . | . . . . . Unauthorized Hacks 19 | . 19 . . . Terminals 8 | . 8 . . . Track 4 | . 4 . . . Assimilate 1 | . 1 . . . Botnet 3 | . 3 . . . Fabricators . | . . . . . Repair Stations . | . . . . . Recycling Units 1 | . 1 . . . Tunnel 1 | . 1 . . . Scanalyzers . | . . . . . Garrison Access . | . . . . . Data Cores Recovered . | . . . . . Used . | . . . . . Hacking Detections 8 | . 8 . . . Full Trace Events . | . . . . . Feedback Events . | . . . . . Feedback Blocked . | . . . . . Robot Schematics Acquired . | . . . . . Robots Built . | . . . . . Matter . | . . . . . Time . | . . . . . Total Robot Build Rating . | . . . . . Part Schematics Acquired . | . . . . . Parts Built . | . . . . . Matter . | . . . . . Time . | . . . . . Total Part Build Rating . | . . . . . Parts Repaired 1 | . 1 . . . Time 26 | . 26 . . . Parts Recycled . | . . . . . Recycled Matter . | . . . . . Retrieved Matter . | . . . . . Retrieved Components 10 | . 10 . . . Parts Scanalyzed . | . . . . . Part Schematics Acquired . | . . . . . Parts Damaged . | . . . . . Bothacking | -11 -10 -10 -10 -9 ------------ Run | Scr Mat Min Exi Min Used RIF Installer . | . . . . . Robots Hacked . | . . . . . Non-combat . | . . . . . Combat . | . . . . . Robot Hacks Applied . | . . . . . Relay Couplers Released . | . . . . . Robots Rewired . | . . . . . Allies Hacked . | . . . . . Hacks Repelled . | . . . . . Allies | -11 -10 -10 -10 -9 -------- Run | Scr Mat Min Exi Min Total Allies 4 | . 1 3 . . Largest Group 3 | . 1 3 2 2 Highest-Rated Group 40 | . 10 40 32 32 Highest-Rated Ally 16 | . 10 16 16 16 Total Orders . | . . . . . Ally Attacks 9 | . . 3 . 6 Total Damage 96 | . . 48 . 48 Kills 3 | . . 3 . . Allies Corrupted . | . . . . . Allies Melted . | . . . . . Intel | -11 -10 -10 -10 -9 ------- Run | Scr Mat Min Exi Min Robot Analysis Total . | . . . . . Derelict Logs Recovered 2 | . . 2 . . Drone Launches . | . . . . . Drone Recoveries . | . . . . . Exploration | -11 -10 -10 -10 -9 ------------- Run | Scr Mat Min Exi Min Turns Passed 2914 | 205 902 1180 490 137 Spaces Moved 1775 | 129 566 672 324 84 Core 8 | 8 . . . . Treads . | . . . . . Legs 1767 | 121 566 672 324 84 Wheels . | . . . . . Hover . | . . . . . Flight . | . . . . . Fastest Speed 50 | 50 120 150 150 150 Average Speed 143 | 115 136 150 150 150 Slowest Speed 180 | 120 180 180 150 150 Overloaded Moves . | . . . . . Propulsion Burnouts . | . . . . . Robots Hopped . | . . . . . Cave-ins Triggered . | . . . . . Exploration Rate (%) 60 | 6 89 99 76 30 Regions Visited 4 Branch Regions 3 Pre-discovered Areas 3 | . 1 1 1 . Known Exits Taken 1 | . 1 . . . Unknown Exits Taken 3 | 1 . 1 1 . Scrap Searched 3 | . . 3 . . Spaces Dug . | . . . . . Terrain Destroyed 47 | . . 9 . 38 Melee . | . . . . . Projectile . | . . . . . AOE 47 | . . 9 . 38 Actions | -11 -10 -10 -10 -9 --------- Run | Scr Mat Min Exi Min Total 2004 | 160 646 777 330 91 Wait 62 | . 35 27 . . Move 1771 | 128 565 671 323 84 Hop . | . . . . . Pick Up 16 | 6 4 4 2 . Fast Attach 13 | 7 2 4 . . Attach 4 | . . 3 . 1 Detach 1 | . . 1 . . Swap 16 | 1 3 9 2 1 Drop 16 | . 6 7 3 . Fire 105 | 18 31 51 . 5 Melee . | . . . . . Ram . | . . . . . Kick . | . . . . . Crush . | . . . . . Escape Stasis . | . . . . . Rewire . | . . . . . Trap . | . . . . . Miscellaneous . | . . . . . Route ------- -11/Scrapyard -10/Materials (discovered 4 exits: [*Mat x3] / *Min) -10/Mines (discovered 3 exits: [*Mat x2] / *Exi) -10/Exiles -9/Mines History --------- Turn | Location | Event 4 | -11/Scrapyard | Discovered new exit (range 15) 206 | -11/Scrapyard | Entered Materials 300 | -10/Materials | Build established: Mutant 348 | -10/Materials | Discovered new exit (range 8) 529 | -10/Materials | Discovered new exit (range 16) 723 | -10/Materials | Discovered new exit (range 16) 815 | -10/Materials | Repaired Aluminum Leg? 1025 | -10/Materials | Discovered new exit (range 9) 1088 | -10/Materials | Identified exit to Mines 1108 | -10/Materials | Entered Mines 1182 | -10/Mines | Discovered new exit (range 8) 1208 | -10/Mines | Learned location of Zion (-7) 1281 | -10/Mines | Learned location of 1 exit from Materials 1371 | -10/Mines | Received a Rocket Launcher from a helpful Derelict 1427 | -10/Mines | Deemed a non-threat by the Exiles lab entrance 1433 | -10/Mines | Discovered new exit (range 5) 1502 | -10/Mines | Core integrity fell below 50% 1828 | -10/Mines | Build established: Scavenger-Mutant 1884 | -10/Mines | Discovered new exit (range 6) 2023 | -10/Mines | Assisted by bots powering up and referring to "LRC-V3" 2288 | -10/Mines | Entered Exiles 2288 | -10/Exiles | Accompanied by 2 allies 2324 | -10/Exiles | Met 8R-AWN 2350 | -10/Exiles | Met EX-HEX 2395 | -10/Exiles | Met EX-BIN 2413 | -10/Exiles | Aligned with FarCom system 2414 | -10/Exiles | Given EX-Vault access code 2449 | -10/Exiles | Opened EX-Vault 2457 | -10/Exiles | Found Modified TNC 2488 | -10/Exiles | Warned to stay clear of 0b10 Research branches 2536 | -10/Exiles | Met EX-DEC 2606 | -10/Exiles | Visited The Gauntlet 2765 | -10/Exiles | Discovered new exit (range 11) 2778 | -10/Exiles | Left Exiles lab with Modified TNC 2778 | -10/Exiles | Entered Mines 2778 | -9/Mines | Accompanied by 2 allies 2866 | -9/Mines | Assembled infested the area 2873 | -9/Mines | Core integrity fell below 20% 2915 | -9/Mines | Destroyed by as-75108 with Assembled Rifle Last Messages --------------- 02735_ Acquired Lrg. Storage Unit. 02765_ EXIT=FOUND LOCATION=UNKNOWN GOAL=ESCAPE 02778_ Receiving FarCom transmissions... 02866_ ALERT: Infestation in the mines, dispatching Demolisher response squad. 02870_ Destroyed Asb. F-torch. 02870_ as-98284 destroyed. 02872_ as-38725 destroyed. 02874_ as-68978 destroyed. 02874_ as-87950 destroyed. 02876_ as-63958 destroyed. 02877_ The unstable cave ceiling collapses. 02880_ Lgt. Ion Engine destroyed. 02882_ Rocket Launcher destroyed. 02883_ Trooper 1b destroyed. 02884_ The unstable cave ceiling collapses. 02887_ Trooper 1a destroyed. 02914_ Lgt. Assault Rifle destroyed. Map ----- +----------------------------------------------------+ | ##???????????????????????????????????????? | | #???????????????????????????????????????? | | #???????????????????????????????????????? | | #???????????????????????????????????????? | | ##??????????????????????????????????????? | | ###????????????????????????????????????? | | ???????????????????????????????????? | | ???????????????????????????????????? | | ### ###????????????????????????????????????? | | ##??####??????????????????????????????????????? | | ##?????????????????????????????????????????????? | | ##??????????????????????????????????????????????? | | #???????????????????????????????????????????????? | | #???????????????????????????????????????????????? | | #???????????????????????????????????????????????? | | #???????????????????????????????????????????????? | | #???????????????????????????????????????????????? | | #???????????????????????????????????????????????? | | #???????????????????????????????????????????????? | | ##??##??????????????????????????????????????????? | | #?## ####?????????????????????????????????????? | | #?# ##???????????????????????????????????? | | #?# ##?????????????????????????d????????? | | ##?# """ #??????????????????????????d???????? | | ##??# """ ############## #???????????????????? | | ##??# """ ## aaaaaaa @ #????????????s?s????? | | ##??# ## #############???????????????????? | | #???# ## #???????????????????????????????? | | #??## #???????????????????????????????? | | #??# #####???????????????????????????????? | | ##??# ##??????????????????????????????????? | | ##??# #####??????????????????????????????? | | #### ###????????????????????????????? | | ## ##?????#?????????????????????? | | *### ## ??????????????????? | | # =!% ?????????????????? | | ## ## =%* ?????????????????? | | ?#### #### # ?????????????????? | | ????######??## ?????????????????? | | ?????????????### ?????????????????? | | ???????????????## ??????????????????? | | ????????????????? ??????????????????? | | ????????????????? ### #???????????????????? | | ????????????????? ####???###???????????????????? | | ????????????????? #????????????????????????????? | | ????????????????? ##????????????????????????????? | | ?????????????????###?????????????????????????????? | | ?????????????????????????????????????????????????? | | ?????????????????????????????????????????????????? | | ?????????????????????????????????????????????????? | +----------------------------------------------------+ Best States ------------- Heat Dissipation 25 Energy Generation 14 Energy Capacity 250 Matter Stores 300 Matter Capacity 300 Sight Range 16 Terrain Scan Density 10 Evasion (%) 40 Item Schematics ----------------- None Robot Schematics ------------------ None Fabricated ------------ Nothing Alien Tech Used ----------------- None Achievements -------------- None Challenges ------------ None Game ------ Seed TransmissionDeepWeb Manual? 0 Play Time 00:23:07 Cumulative 98.8 hours Start 2019.10.29 @ 12:32:27 End 2019.10.29 @ 12:54:32 Sessions 1 Manual Loads 0 Difficulty Rogue Special Mode None Game No. 41 Rogue 41 Adventurer 0 Explorer 21 Win Type - Total 10 Types 8/0/0/0/1/0/1 Lore% 83 Gallery% 69 Achievement% 68 Wizard Run 0 Options --------- ASCII 0 Keyboard 0 Movement Arrows Keybinds 0 Fullscreen 1 Font 18/SmallcapsGlow Map View 76x50 Tactical HUD 1 Map Filters NONE Filters NONE Steam 1 RUN: b92797ea-535a-4426-9b91-9e3f27bf7b68